 Dungeon Crawl Stone Soup version 0.31-a0-256-g80acddb972 (webtiles) character file.

Game seed: 3912165144976578573

6977 Essalna the Fighter (level 10, -5/136 HPs)
             Began as a Pale Draconian Shapeshifter on July 13, 2023.
             Was a Believer of Qazlal.
             Slain by a sun demon (11 damage)
             ... summoned by a kobold demonologist
             ... on level 10 of the Dungeon.
             The game lasted 00:17:25 (8200 turns).

Essalna the Fighter (Pale Draconian Shapeshifter)   Turns: 8200, Time: 00:17:26

Health: -5/136     AC:  7    Str: 21    XL:     10   Next: 81%
Magic:  0/10       EV: 20    Int:  6    God:    Qazlal [**....]
Gold:   598        SH:  3    Dex: 14    Spells: 9/9 levels left

rFire   . .          .
                       - Unarmed
rCold   . . .        (no shield)
rNeg    . . .        (body armour unavailable)
rPois   .            (helmet currently unavailable)
rElec   .            (cloak currently unavailable)
rCorr   .            (gloves currently unavailable)
SInv    .            (boots currently unavailable)
Will    +....        p - amulet of Polytheism {Spirit Will+ Regen+ Int-3 Dex+2} Stlth
                     i - +5 ring of evasion
HPRegen 1.22/turn    (no ring)
MPRegen 0.12/turn

%: guardian spirit
@: berserking, short of breath, beast-form, very quick
A: beast (slay +5), breathe steam, AC +7, unfitting armour, cold-blooded, steam
resistance
a: Breathe Steam, Renounce Religion, Upheaval


You were on level 10 of the Dungeon.
You worshipped Qazlal.
Qazlal was pleased with you.
You were a hulking beast.
You visited 2 branches of the dungeon, and saw 11 of its levels.

You collected 598 gold pieces.

Inventory:

Missiles
 u - 2 throwing nets
Armour
 o - a +0 buckler
Jewellery
 i - a +5 ring of evasion (left hand)
 j - an amulet of magic regeneration
 n - an amulet of the acrobat
 p - the amulet of Polytheism (around neck) {Spirit Will+ Regen+ Int-3 Dex+2}
   (You acquired it on level 4 of the Dungeon)

   [amulet of guardian spirit]

   It causes incoming damage to be divided between your reserves of health and
   magic.
   Int:       It affects your intelligence (-3).
   Dex:       It affects your dexterity (+2).
   Regen:     It increases your rate of health regeneration.
   Will:      It increases your willpower.
 s - an amulet of faith
 D - a +6 ring of intelligence
Talismans
 b - a beast talisman
 z - a granite talisman
Wands
 g - a wand of digging (7)
 x - a wand of paralysis (23)
 y - a wand of iceblast (11)
 E - a wand of light (10)
Scrolls
 c - a scroll of immolation
 q - 6 scrolls of identify
 r - 2 scrolls of revelation
 t - a scroll of blinking
 v - 3 scrolls of enchant weapon
 B - a scroll of fog {unknown}
 F - a scroll of teleportation
Potions
 a - a potion of lignification
 d - a potion of enlightenment {unknown}
 e - a potion of berserk rage
 f - a potion of brilliance
 h - 2 potions of magic {unknown}
 k - 2 potions of attraction {unknown}
 l - a potion of degeneration {unknown}
 m - a potion of haste {unknown}
 w - a potion of mutation {unknown}
 A - a potion of heal wounds {unknown}
 C - a potion of invisibility {unknown}


   Skills:
 + Level 9.4 Fighting
 + Level 7.9 Dodging
 + Level 8.6 Unarmed Combat
 + Level 7.6 Shapeshifting


You had 9 spell levels left.
You didn't know any spells.
Your spell library contained the following spells:

 Spells                   Type           Power      Damage    Failure   Level
 Sandblast                Erth           0%         2d4       45%         1
 Passwall                 Tmut/Erth      0%         N/A       58%         2
 Stone Arrow              Conj/Erth      0%         3d7       83%         3


Dungeon Overview and Level Annotations

Branches:
Dungeon (10/15)            Temple (1/1) D:7
   Lair: D:8-11         Orc: D:9-12

Altars:
Cheibriados
Dithmenos
Elyvilon
Fedhas
Gozag
Hepliaklqana
Kikubaaqudgha
Makhleb
Nemelex Xobeh
Okawaru
Qazlal
Trog
Uskayaw
Vehumet
Wu Jian
Xom
Yredelemnul
The Shining One

Shops:
D:2 !   D:4 =


Innate Abilities, Weirdness & Mutations

You are a hulking beast.
Your limbs bulge with bestial killing power. (Slay +5)
You can breathe blasts of scalding, opaque steam.
Your pale cyan-grey scales are hard. (AC +7)
You cannot fit into any form of body armour.
You are cold-blooded and may be slowed by cold attacks.
You are immune to the effects of steam.


Message History

Qazlal accepts your kill.
You barely miss the sun demon.
The shadow imp picks up a beetle and eats it.
You pummel the sun demon!!
The sun demon is moderately wounded.
The sun demon hits you!!
You are engulfed in flames!!
You are too injured to fight recklessly!
You are too injured to fight recklessly!
You are too injured to fight recklessly!
You are too injured to fight recklessly!
You are too injured to fight recklessly!
You are too injured to fight recklessly!
You are too injured to fight recklessly!
You are too injured to fight recklessly!
You are too injured to fight recklessly!
You are too injured to fight recklessly!
Aiming: Breathe Steam (1% risk of failure)
Press: ? - help, Shift-Dir - straight line, f - kobold demonologist
Aim: a kobold demonologist, wielding a +0 dagger and wearing a +0 robe (64% to hit)
You exhale a blast of scalding steam.
The ball of steam hits the sun demon.
The sun demon completely resists.
The sun demon is moderately wounded.
The ball of steam hits the shadow imp!
The shadow imp is severely wounded.
Qazlal accepts your kill.
You feel a bit more experienced. Qazlal accepts your kill.
You feel a bit more experienced. The sun demon closely misses you.
A kobold skeleton comes into view.
The sun demon hits you!!
You are engulfed in flames!
* * * LOW HITPOINT WARNING * * *
A red film seems to cover your vision as you go berserk!
You feel yourself moving faster!
You feel mighty!
The shadow imp is engulfed in a cloud of scalding steam.
You kill the shadow imp!
Qazlal accepts your kill. x2
You feel a bit more experienced. The sun demon hits you!!
* * * LOW HITPOINT WARNING * * *
You are engulfed in flames!
You die...

#
+...).....')..#.....#
.. #
#.........#)..#.....#
#
#..8...8..#...#.....#
#
#.##+++##.#)..#.....#
# ## ...###...#......
# .... ##..# # ...ZZ
#..# # ....ZK#°°# #
÷÷ZZZZ3h.# #
_÷.Z§Z#).# #
∩÷.ZZ##..# # .$$##
...# ######## Z.
#######
.......#####......
...<..............
..........<.......
############......


You could see a sun demon (summoned), a kobold demonologist, a kobold zombie and
a kobold skeleton.

Vanquished Creatures
  A two-headed ogre (D:8)
  An eye of devastation (shapeshifter) (D:9)
  Maggie (D:8)
  An unseen horror (D:9)
  A yak (D:8)
  2 wyverns (D:9)
  A steam dragon (D:10)
  4 water moccasins
  Edmund (D:4)
  3 orc warriors
  A black bear (D:6)
  3 sky beasts
  An ogre (D:5)
  4 centaurs
  3 phantoms
  7 kobold brigands
  4 bullfrogs
  A gnoll sergeant (D:9)
  3 scorpions
  7 wights
  9 killer bees
  9 howler monkeys
  3 jellies
  3 gnoll boudas
  8 orc priests
  2 iguanas (D:7)
  4 sleepcaps
  3 orc wizards
  9 adders
  16 gnolls
  2 shadow imps (D:10)
  2 white imps (D:7)
  2 worms
  3 dart slugs
  37 orcs
  7 bats
  7 endoplasms
  4 giant cockroaches
  8 goblins
  12 hobgoblins
  9 jackals
  44 kobolds
  4 quokkas
  10 ball pythons
  2 kobold skeletons (D:10)
  2 kobold zombies (D:10)
  6 rats
  A spectral goblin (D:1)
278 creatures vanquished.

Vanquished Creatures (others)
  A human (D:8)
1 creature vanquished.

Grand Total: 279 creatures vanquished

Notes
Turn   | Place    | Note
-------+----------+-------------------------------------------
     0 | D:1      | Essalna the Draconian Shapeshifter began the quest for the
                  | Orb.
     0 | D:1      | Reached XP level 1. HP: 17/17 MP: 1/1
   103 | D:1      | Reached XP level 2. HP: 20/25 MP: 2/2
   265 | D:1      | Found a faded altar of an unknown god.
   506 | D:1      | Reached XP level 3. HP: 2/30 MP: 3/3
  1083 | D:2      | Reached skill level 3 in Fighting
  1083 | D:2      | Reached XP level 4. HP: 22/38 MP: 4/4
  1370 | D:2      | Found Xosa's Distillery.
  1605 | D:2      | You fall into a shaft and drop 1 floor!
  1644 | D:3      | Reached XP level 5. HP: 35/45 MP: 5/5
  1718 | D:3      | Found a basalt altar of Yredelemnul.
  1956 | D:3      | Found a burning altar of Makhleb.
  2167 | D:3      | Found a faded altar of an unknown god.
  2307 | D:3      | Found a radiant altar of Vehumet.
  2554 | D:4      | Reached XP level 6. HP: 48/52 MP: 6/6
  2722 | D:4      | Noticed Edmund
  2748 | D:4      | Killed Edmund
  2749 | D:4      | Reached skill level 4 in Fighting
  2872 | D:4      | Found Juereim's Jewellery Shop.
  3053 | D:4      | Your scales start taking on a pale cyan-grey colour.
  3053 | D:4      | Reached XP level 7. HP: 60/60 MP: 7/7
  3053 | D:4      | Gained mutation: You are immune to the effects of steam.
                  | [Pale Draconian growth]
  3255 | D:4      | Identified a scroll of acquirement
  3255 | D:4      | Acquired the amulet of Polytheism {Spirit Will+ Regen+
                  | Int-3 Dex+2}
  3305 | D:5      | Entered Level 5 of the Dungeon
  3385 | D:5      | Reached skill level 5 in Fighting
  3514 | D:5      | Found a snail-covered altar of Cheibriados.
  3521 | D:5      | Reached skill level 5 in Unarmed Combat
  3681 | D:5      | Found a hazy altar of Hepliaklqana.
  3735 | D:5      | Reached XP level 8. HP: 62/69 MP: 8/8
  4208 | D:6      | Reached skill level 5 in Shapeshifting
  4298 | D:6      | Reached skill level 6 in Fighting
  4298 | D:6      | Reached skill level 5 in Dodging
  4460 | D:6      | Found a white marble altar of Elyvilon.
  4839 | D:7      | Reached XP level 9. HP: 72/78 MP: 9/9
  4897 | D:7      | Reached skill level 7 in Fighting
  4984 | D:7      | Found a shimmering altar of Xom.
  5174 | D:7      | Found a hide-covered altar of Uskayaw.
  5375 | D:7      | Found a staircase to the Ecumenical Temple.
  5389 | Temple   | Entered the Ecumenical Temple
  5423 | Temple   | Became a worshipper of Qazlal Stormbringer
  5899 | D:8      | Found an ancient bone altar of Kikubaaqudgha.
  6339 | D:8      | Noticed Maggie
  6359 | D:8      | Killed Maggie
  6360 | D:8      | Reached skill level 8 in Fighting
  6418 | D:8      | Noticed a two-headed ogre
  6427 | D:8      | Killed a two-headed ogre
  6428 | D:8      | Reached XP level 10. HP: 78/90 MP: 7/10
  6794 | D:8      | Found a shadowy altar of Dithmenos.
  6804 | D:8      | Reached * piety under Qazlal
  7132 | D:9      | a redback changed into an eye of devastation
  7132 | D:9      | Noticed an eye of devastation (shapeshifter)
  7137 | D:9      | Killed an eye of devastation
  7181 | D:9      | Reached skill level 9 in Fighting
  7273 | D:9      | Reached ** piety under Qazlal
  7833 | D:10     | Entered Level 10 of the Dungeon
  8089 | D:10     | Identified the +5 whip "Bugeafek" {heavy, rC+ Will- Dex+2}
  8184 | D:10     | Found an ancient bone altar of Kikubaaqudgha.
  8190 | D:10     | Noticed a sun demon
  8200 | D:10     | HP: 6/136 [sun demon[a kobold demonologist] (22)]
  8200 | D:10     | Slain by a sun demon

Illustrated notes

Levels and vault maps discovered:
D:1:      kennysheep_arrival_forest, layout_basic,
          dreamdust_ecumenical_altar_drowned_temple
D:2:      layout_basic, serial_shops, shop, minmay_misc_feat_rugged
D:3:      layout_rooms, nicolae_overflow_ecumenical_swirl,
          yredelemnul_altar_generic, bloody_makhleb, nrook_mini_backslash,
          minmay_quantized
D:4:      layout_basic, serial_corexii_hall, corexii_hall_statues_t,
          chequers_hall_statues_wall_a, serial_shops, nicolae_shop_gaudy_bauble,
          serial_bayou_pond_c, minivault_26, kennysheep_generic_room_13,
          uniq_edmund
D:5:      layout_cave_pods, slow_altar_1, nzn_hepliaklqana_mist_gate
D:6:      layout_basic, mainiacjoe_overflow_alcove_2
D:7:      layout_loops_corners, mainiacjoe_overflow_catwalk,
          overflow_temple_1_default, minmay_temple_entry_waves,
          chequers_serial_rivers_large_a, minmay_fractal_squares_diagonal_5
D:8:      kennysheep_six_static_rooms, layout_loops_ring, tgw_kikubaaqudgha,
          mainiacjoe_overflow_alcove_1, uniq_maggie
D:9:      layout_roguey
D:10:     wander_kiku_kobolds, layout_irregular_city
Temple:   nicolae_temple_hex_pool

Skill      XL: |  1  2  3  4  5  6  7  8  9 10 |
---------------+-------------------------------+-----
Dodging        | 2 3 4 5 7 |  7.9
Fighting       | 3 4 5 6 8 9 |  9.4
Unarmed Combat | 3 4 5 6 7 8 |  8.6
Shapeshifting  | 4 5 6 7 |  7.6

Action                     |  1- 3 |  4- 6 |  7- 9 | 10-12 || total
---------------------------+-------+-------+-------+-------++-------
  Melee: Unarmed           |   110 |   214 |   254 |   171 ||   749
         Tailslap          |    13 |    25 |    53 |    25 ||   116
         Punch             |     3 |     3 |    16 |    12 ||    34
Ability: Breathe Steam     |       |       |    12 |     7 ||    19
  Evoke: Wand              |       |       |       |     2 ||     2
    Use: Potion            |     1 |     1 |       |     3 ||     5
         Scroll            |       |     6 |     8 |       ||    14
   Stab: Sleeping          |     1 |     5 |     1 |       ||     7
 Armour: Skin              |    38 |    44 |    33 |    59 ||   174
  Dodge: Dodged            |    62 |   132 |   178 |   189 ||   561
  Block: Other             |       |       |       |    16 ||    16
   Form: Statue            |       |       |       |     1 ||     1
         Beast             |       |       |       |     1 ||     1

Table legend: (Time is in decaauts)
 A = Elapsed time spent in this place.
 B = Non-inter-level travel time spent in this place.
 C = Inter-level travel time spent in this place.
 D = Time resting spent in this place.
 E = Time spent auto-exploring this place.
 F = Levels seen in this place.
 G = Mean time per level.
                   A        B        C        D        E       F      G
               +--------+--------+--------+--------+--------+-----+--------+
         Total |   8282 |   7999 |    283 |      0 |   6367 |  11 |  752.9 |
       Dungeon |   8226 |   7963 |    263 |      0 |   6346 |  10 |  822.6 |
        Temple |     55 |     35 |     20 |      0 |     21 |   1 |   55.0 |
               +--------+--------+--------+--------+--------+-----+--------+

Top non-repeatable levels by time:
     D:9: 1100 daAuts
     D:7: 1014 daAuts
     D:8: 948 daAuts
     D:3: 921 daAuts
     D:1: 912 daAuts
     D:4: 771 daAuts
     D:5: 764 daAuts
     D:6: 740 daAuts
     D:2: 694 daAuts
    D:10: 357 daAuts
  Temple: 55 daAuts
